 Dungeon Crawl Stone Soup version 0.27-a0-1193-g8631133539 (webtiles) character file.

Game seed: 2750212000659475517

16 EnegeticOcto the Magician (level 2, 8/21 HPs)
             Began as a Djinni Hedge Wizard on May 25, 2021.
             Was a Follower of Okawaru.
             Quit the game on level 3 of the Dungeon.
             The game lasted 00:01:35 (227 turns).

EnegeticOcto the Magician (Djinni Hedge Wizard)      Turns: 227, Time: 00:01:35

Health: 8/21       AC:  2    Str:  9    XL:     2   Next: 75%
Gold:   24         EV: 12    Int: 15    God:    Okawaru [*.....] SH:  0 Dex: 12

rFire    + + .     SeeInvis .   a - +0 dagger
rCold    x . .     Faith    .   (no shield)
rNeg     . . .     Spirit   .   b - +0 robe
rPois    ∞         Reflect  .   c - +0 hat
rElec    .         Harm     .   (no cloak)
rCorr    .         Rampage  .   (no gloves)
Will     .....                  (boots unavailable)
Stlth    ++........             (no amulet)
HPRegen  0.07/turn              (no ring)
MPRegen  0.00/turn              (no ring)

@: flying
A: sickness immunity, fire resistance 2, cold vulnerability 1, float, innate
caster, hp casting, extra vitality 1
a: Renounce Religion, Heroism


You were on level 3 of the Dungeon.
You worshipped Okawaru.
Okawaru was aware of your devotion.
You visited 1 branch of the dungeon, and saw 3 of its levels.

You collected 24 gold pieces.

Inventory:

Hand Weapons
 a - a +0 dagger (weapon)
Missiles
 e - 2 silver javelins
 f - 9 poisoned darts
Armour
 b - a +0 robe (worn)
 c - a +0 hat (worn)


   Skills:
 - Level 2.1 Dodging
 - Level 1.5 Stealth
 + Level 3.0 Spellcasting


You couldn't memorise any spells.
You knew the following spells:

 Your Spells              Type           Power      Damage    Failure   Level
a - Magic Dart            Conj           44%        1d5       5%          1
b - Call Imp              Summ           11%        N/A       9%          2
c - Slow                  Hex            11%        N/A       9%          2
d - Conjure Flame         Conj/Fire      11%        6-21      17%         3
e - Mephitic Cloud        Conj/Pois/Air  11%        N/A       17%         3
Y - Blink                 Tloc           N/A        N/A       9%          2
Your spell library was empty.

Dungeon Overview and Level Annotations

Branches:
Dungeon (3/15)

Altars:
Okawaru

Annotations:
D:3 Grinder


Innate Abilities, Weirdness & Mutations

You are immune to sickness and miasma.
You are immune to poison.
Your flesh is very heat resistant. (rF++)
You are vulnerable to cold. (rC-)
You float through the air rather than walking.
You learn spells naturally, not from books.
Your magical power is your life essence.
You have superior vitality. (+4 HP)


Message History

Press: ? - help, Shift-Dir - straight line, f/p - adder
Aim: an adder (almost dead, 100% to hit)
The magic dart hits the adder.
You kill the adder!
Okawaru accepts your kill.
* * * LOW HITPOINT WARNING * * *
Your Spellcasting skill increases to level 3!
You have reached level 2!
Casting: Magic Dart (safe; 6% risk of failure)
Confirm with . or Enter, or press ? or * to list all spells.
Aiming: Magic Dart (safe; 6% risk of failure)
Press: ? - help, Shift-Dir - straight line, f - hobgoblin
Aim: a hobgoblin (100% to hit)
The magic dart hits the hobgoblin.
The hobgoblin is moderately wounded.
* * * LOW HITPOINT WARNING * * *
Casting: Magic Dart (safe; 6% risk of failure)
Confirm with . or Enter, or press ? or * to list all spells.
Aiming: Magic Dart (safe; 6% risk of failure)
Press: ? - help, Shift-Dir - straight line, f/p - hobgoblin
Aim: a hobgoblin (moderately wounded, 100% to hit)
The magic dart hits the hobgoblin.
You kill the hobgoblin!
Okawaru accepts your kill.
* * * LOW HITPOINT WARNING * * *
You see here a hobgoblin corpse.
You see here an adder corpse.
Found 9 poisoned darts.
An endoplasm comes into view.
The helpless endoplasm fails to defend itself.
You puncture the endoplasm!
You kill the endoplasm!
Okawaru accepts your kill.
You see here 9 poisoned darts.
f - 9 poisoned darts
There is a stone staircase leading down here.
A frilled lizard comes into view.
The frilled lizard hisses angrily.
You barely miss the frilled lizard. The frilled lizard bites you.
* * * LOW HITPOINT WARNING * * *
Casting: Magic Dart (safe; 5% risk of failure)
Confirm with . or Enter, or press ? or * to list all spells.
Aiming: Magic Dart (safe; 5% risk of failure)
Press: ? - help, Shift-Dir - straight line, f - frilled lizard
Aim: a frilled lizard (100% to hit)
The magic dart hits the frilled lizard.
You kill the frilled lizard!
Okawaru accepts your kill.
* * * LOW HITPOINT WARNING * * *
You see here a frilled lizard corpse.
Found 14 gold pieces.
You now have 20 gold pieces (gained 14).
You aren't carrying any potions.
Unknown command.
(D) Dungeon
Where to? (? - help)
You see here a frilled lizard corpse.
There is a stone staircase leading down here.
You fly downwards.
Found a scroll labelled XIUTTA ETTY and 4 gold pieces.
There is a stone staircase leading up here.
A kobold comes into view. It is wielding a +0 club.
A kobold comes into view. It is wielding a +0 club.
The kobold shouts! x2; You hear a shout!
A kobold comes into view. It is wielding a +0 club.
You see here a scroll labelled XIUTTA ETTY.
Grinder comes into view.
You see here 4 gold pieces.
You now have 24 gold pieces (gained 4).
Grinder shouts!
You hear a shout! x2
You see here a scroll labelled XIUTTA ETTY.
As you read the scroll labelled XIUTTA ETTY, it crumbles to dust.
It is a scroll of amnesia.
You feel forgetful for a moment.
As you read the scroll labelled KANIASYFING, it crumbles to dust.
It is a scroll of identify.
You don't have any unidentified items.
A hobgoblin comes into view. It is wielding a +0 club.
The kobold shouts!
A kobold comes into view. It is wielding a +0 club.
Found a scroll labelled QUODETZ CYNYW.
Found a stone staircase leading down.
You see here a scroll labelled QUODETZ CYNYW.
As you read the scroll labelled QUODETZ CYNYW, it crumbles to dust.
You feel strangely unstable.
It was a scroll of teleportation.
Your surroundings suddenly seem different.
Found a stone staircase leading down.
Found 18 stones.
As you open the door, it creaks loudly!
There is an open door here.
Found a scroll labelled XUSE IKHLYEFRA.
A goblin comes into view. It is wielding a +0 club.
The kobold shouts!
Found 7 gold pieces.
You see here a scroll labelled XUSE IKHLYEFRA.
Blink to where?
Press: ? - help, Dir - move target
As you read the scroll labelled XUSE IKHLYEFRA, it crumbles to dust.
It was a scroll of blinking.
Are you sure you want to abandon this character and quit the game? (Confirm with "yes".)

#..(........
#...#'######
########.#
.........#
.........#
.........#
########.#
############.#
#.@..........### ##
#..............# #.
#...........#......
#...........#.....#
#...........#..####
#...........##..≈≈≈
#......K....###..≈5
#...........#......
#...........'......


You could see a kobold.

Vanquished Creatures
  An adder (D:2)
  An endoplasm (D:2)
  2 hobgoblins (D:2)
  2 bats (D:2)
  A frilled lizard (D:2)
  A rat (D:2)
8 creatures vanquished.

Notes
Turn   | Place    | Note
-------+----------+-------------------------------------------
     0 | D:1      | EnegeticOcto the Djinni Hedge Wizard began the quest for
                  | the Orb.
     0 | D:1      | Reached XP level 1. HP: 15/15 MP: 0/0
    50 | D:2      | Found a faded altar of an unknown god.
    62 | D:2      | Became a worshipper of Warmaster Okawaru
    62 | D:2      | Reached * piety under Okawaru
   110 | D:2      | Reached skill level 3 in Spellcasting
   110 | D:2      | Reached XP level 2. HP: 4/21 MP: 0/0
   179 | D:3      | Noticed Grinder
   227 | D:3      | Quit the game

Illustrated notes

Levels and vault maps discovered:
D:1:      amcnicky_arrival_flooded_fountain, layout_rooms, minmay_statues_item
D:2:      layout_rooms, shapermc_ecumenical_altar_venn, grunt_ministairs_12
D:3:      cheibrodos_thug_alley, layout_basic, kennysheep_generic_room_11,
          uniq_crazy_yiuf_cottage, uniq_terence, uniq_grinder

Skill      XL: |  1 |
---------------+----+-----
Spellcasting   | 3 |  3.0
Dodging        | |  2.1
Stealth        | |  1.5

Action                   || total
-------------------------++-------
Melee: Dagger            ||     8
 Cast: Magic Dart        ||    15
  Use: Scroll            ||     4
 Stab: Sleeping          ||     1
Armor: Robe              ||     8
Dodge: Dodged            ||     7

Table legend: (Time is in decaauts)
 A = Elapsed time spent in this place.
 B = Non-inter-level travel time spent in this place.
 C = Inter-level travel time spent in this place.
 D = Time resting spent in this place.
 E = Time spent auto-exploring this place.
 F = Levels seen in this place.
 G = Mean time per level.
                   A        B        C        D        E       F      G
               +--------+--------+--------+--------+--------+-----+--------+
         Total |    226 |    209 |     17 |      0 |      0 |   3 |   75.3 |
       Dungeon |    226 |    209 |     17 |      0 |      0 |   3 |   75.3 |
               +--------+--------+--------+--------+--------+-----+--------+

Top non-repeatable levels by time:
     D:2: 157 daAuts
     D:3: 51 daAuts
     D:1: 17 daAuts
